 Dungeon Crawl Stone Soup version 0.31.0-12-g77e489cdc1 (webtiles) character file.

Game seed: 5975473650053527244

38274 Gadfly the Covert (level 13, -3/68 HPs)
             Began as a Spriggan Enchanter on Feb 18, 2024.
             Was an Initiate of Gozag.
             Killed from afar by a catoblepas (7 damage)
             ... with a blast of calcifying dust
             ... on level 2 of the Lair of Beasts.
             The game lasted 00:34:37 (19681 turns).

Gadfly the Covert (Spriggan Enchanter)             Turns: 19681, Time: 00:34:37

Health: -3/68      AC:  4    Str:  4    XL:     13   Next: 62%
Magic:  27/29      EV: 31    Int: 19    God:    Gozag
Gold:   2057       SH:  0    Dex: 18    Spells: 29/34 levels left

rFire   + . .        a - +4 dagger (drain)
rCold   . . .        (no shield)
rNeg    . . .        y - +1 robe {rF+}
rPois   .            (helmet restricted)
rElec   .            f - +0 cloak
rCorr   +            (gloves unavailable)
SInv    +            (boots unavailable)
Will    ++...        r - amulet of regeneration
Stlth   ++++++       j - ring of resist corrosion
HPRegen 1.11/turn    C - +5 ring of evasion
MPRegen 0.21/turn

%: no passive effects
@: very quick
A: very small, no large weapons, unfitting armour, see invisible, speed 3
a: Renounce Religion, Potion Petition, Call Merchant, Bribe Branch


You were on level 2 of the Lair of Beasts.
You worshipped Gozag.
Gozag was most pleased with you.
You visited 3 branches of the dungeon, and saw 16 of its levels.

You collected 3515 gold pieces.
You spent 48 gold pieces at shops.
You paid 1410 gold pieces to Gozag.

Inventory:

Hand Weapons
 a - a +4 dagger of draining (weapon)
 b - a +2 dagger of speed
 B - a +2 dagger of venom
 D - a +4 scimitar of flaming
Missiles
 I - a throwing net
Armour
 f - a +0 cloak (worn)
 o - a +1 robe of cold resistance
 y - a +1 robe of fire resistance (worn)
Jewellery
 g - a ring of protection from cold
 j - a ring of resist corrosion (left hand)
 r - an amulet of regeneration (around neck)
 C - a +5 ring of evasion (right hand)
Wands
 l - a wand of roots (10)
 t - a wand of flame (78)
 v - a wand of mindburst (21)
 x - a wand of charming (4)
 z - a wand of digging (2)
Scrolls
 k - 2 scrolls of blinking
 n - 6 scrolls of teleportation
 p - 4 scrolls of poison
 u - a scroll of fog
 E - a scroll of amnesia
Potions
 c - 2 potions of invisibility
 d - 2 potions of resistance
 e - 6 potions of brilliance
 h - 2 potions of heal wounds
 i - a potion of cancellation
 m - 3 potions of haste
 q - a potion of mutation
 s - 5 potions of curing
 w - a potion of lignification {unknown}
 A - 15 potions of ambrosia
 F - a potion of might
 G - a potion of enlightenment


   Skills:
 + Level 7.8 Fighting
 + Level 10.3 Short Blades
 + Level 12.0 Dodging
 + Level 14.4 Stealth
 + Level 11.1 Spellcasting
 + Level 11.4 Hexes
 + Level 11.6 Evocations


You had 29 spell levels left.
You knew the following spells:

 Your Spells              Type           Power      Damage    Failure   Level
a - Ensorcelled Hibernat  Hex/Ice        64%        N/A       1%          2
b - Confusing Touch       Hex            52%        N/A       1%          3

Your spell library contained the following spells:

 Spells                   Type           Power      Damage    Failure   Level
 Slow                     Hex            100%       N/A       1%          1
 Dazzling Flash           Conj/Hex       64%        N/A       1%          3
 Sigil of Binding         Hex            52%        N/A       1%          3
 Tukima's Dance           Hex            52%        N/A       1%          3
 Dimensional Bullseye     Hex/Tloc       16%        N/A       6%          4
 Magic Dart               Conj           40%        1d5       7%          1
 Lesser Beckoning         Tloc           20%        N/A       10%         2
 Searing Ray              Conj           20%        2d5       10%         2
 Silence                  Hex/Air        16%        N/A       17%         5
 Call Canine Familiar     Summ           10%        N/A       21%         3
 Gell's Gravitas          Tloc           10%        N/A       21%         3
 Mephitic Cloud           Conj/Alch/Air  10%        N/A       21%         3
 Teleport Other           Tloc           10%        N/A       21%         3
 Vampiric Draining        Necr           10%        2d6       21%         3
 Animate Armour           Summ/Erth      20%        N/A       54%         4
 Brom's Barrelling Bould  Conj/Erth      10%        2d3       54%         4
 Fulminant Prism          Conj/Alch      5%         3d6       54%         4
 Summon Blazeheart Golem  Fire/Summ      10%        N/A       54%         4
 Summon Lightning Spire   Summ/Air       10%        N/A       54%         4
 Vhi's Electric Charge    Tloc/Air       20%        N/A       54%         4
 Arcjolt                  Conj/Air       5%         1d15      88%         5
 Curse of Agony           Necr           10%        N/A       88%         5
 Fireball                 Conj/Fire      5%         3d5       88%         5
 Iskenderun's Battlesphe  Conj           10%        2d6       88%         5
 Lee's Rapid Deconstruct  Erth           5%         3d6*      88%         5
 Conjure Ball Lightning   Conj/Air       5%         3x3d6     100%        6
 Dispersal                Tloc           5%         N/A       100%        6
 Plasma Beam              Fire/Air       5%         2x1d15    100%        6
 Orb of Destruction       Conj           5%         9d5       100%        7
 Spellforged Servitor     Conj/Summ      5%         N/A       100%        7


Dungeon Overview and Level Annotations

Branches:
Dungeon (12/15)            Temple (1/1) D:6            Lair (3/5) D:10
    Orc (0/2) D:12
  Swamp: Lair:2-3    Shoals: Lair:2-3     Snake: Lair:2-3    Spider: Lair:2-3

Altars:
Ashenzari
Cheibriados
Dithmenos
Elyvilon
Fedhas
Gozag
Hepliaklqana
Kikubaaqudgha
Makhleb
Nemelex Xobeh
Okawaru
Qazlal
Ru
Sif Muna
Trog
Uskayaw
Vehumet
Wu Jian
Xom
Yredelemnul
Zin
The Shining One

Shops:
D:9 =   D:10 :*

Portals:
Abyss: D:7

Annotations:
D:4 2 transporters, TheBioAlchemist's ghost, amateur DgIE
D:7 2 transporters, LoggersVIII's ghost, novice OpEE
D:11 1 runed translucent door


Innate Abilities, Weirdness & Mutations

You are very small and have problems with some larger weapons.
You are too small for most types of armour.
You have supernaturally acute eyesight. (SInv)
You cover ground extremely quickly. (Speed+++)


Message History

Done exploring.
Done exploring.
You start waiting.
Done waiting.
The catoblepas bellows!
The catoblepas breathes a plume of calcifying dust at you.
The blast of calcifying dust hits you.
The catoblepas breathes a plume of calcifying dust at you.
The blast of calcifying dust hits you!
You are engulfed in calcifying dust.
You are slowing down.
The catoblepas breathes a plume of calcifying dust at you.
The blast of calcifying dust hits you!
Your limbs are stiffening.
You have turned to stone.
The catoblepas gores you!!
The catoblepas breathes a plume of calcifying dust at you.
The blast of calcifying dust hits you.
You are engulfed in calcifying dust.
The catoblepas gores you!!
You are engulfed in calcifying dust.
The catoblepas breathes a plume of calcifying dust at you.
The blast of calcifying dust hits you.
You are engulfed in calcifying dust.
The catoblepas breathes a plume of calcifying dust at you.
The blast of calcifying dust hits you.
You turn to flesh and can move again.
The catoblepas misses you. The catoblepas gores you!!
* * * LOW HITPOINT WARNING * * *
You are too injured to fight recklessly!
Casting: Ensorcelled Hibernation (safe; 1% risk of failure)
Confirm with . or Enter, or press ? or * to list all spells.
Aiming: Ensorcelled Hibernation (safe; 1% risk of failure)
Press: ? - help, Shift-Dir - straight line, f - catoblepas
Aim: a catoblepas (chance to affect: 5%)
The catoblepas resists with almost no effort.
The catoblepas breathes a plume of calcifying dust at you.
The blast of calcifying dust hits you!
You die...
Your body crumbles into a pile of gold.

##..#..)...........#.###P.....
##..##.P##P....>..##..P##.....
#P.....................#......
##..#....P#.......#....#PP....
##.......##.......##...##P....
#P..######........PP..........
##..###PP#P....Y.......##.....
#............ยง...#...###.....
#...........@....##.P.#P.....
#............................
#............................
#............................
#.<.##P#####.....#..#...#....
#...#### #.....##..#..#....
##...# ######......#.....#....
#....###...##.....#......P....
##....)##..##P......#..........


You could see a catoblepas.

Vanquished Creatures
  An orc warlord (D:11)
  Josephine (D:10)
  A deep elf high priest (D:12)
  Erica (D:10)
  A catoblepas (Lair:1)
  A two-headed ogre (D:9)
  A centaur warrior (D:12)
  2 boulder beetles
  Urug (D:11)
  A skyshark (Lair:1)
  A wolf spider (D:12)
  5 ugly things
  A cyclops (D:12)
  3 manticores
  An orc sorcerer (D:12)
  A black mamba (Lair:2)
  A gargoyle (D:12)
  4 cane toads
  A kobold demonologist (D:12)
  2 unseen horrors
  3 komodo dragons
  A yaktaur (D:12)
  A tengu conjurer (D:12)
  4 trolls (D:12)
  A polar bear (Lair:1)
  A queen bee (D:9)
  Grinder (D:3)
  A hornet (D:8)
  15 blink frogs
  6 slime creatures (D:12)
  2 shadows
  2 vampires (D:12)
  33 yaks
  4 wyverns
  7 wraiths
  A warg (D:12)
  5 basilisks
  5 vampire mosquitoes
  2 acid dragons
  Edmund (D:5)
  The ghost of Aneyh the Slasher, an amateur TeMo (D:3)
  8 water moccasins
  8 orc warriors
  An ice beast (D:7)
  A laughing skull (D:12)
  4 black bears
  2 sky beasts (D:7)
  18 wolves
  2 ogres
  5 phantoms
  A centaur (D:5)
  5 kobold brigands
  Blork the orc (D:5)
  3 necrophages (Lair:3)
  2 gnoll sergeants
  6 scorpions
  12 bullfrogs
  13 wights
  30 killer bees
  4 howler monkeys
  6 orc priests
  2 bombardier beetles
  A hound (D:7)
  A jelly (D:5)
  Jessica (D:3)
  6 iguanas
  10 orc wizards
  A statue (D:10)
  15 gnolls
  2 adders
  3 white imps
  A dart slug (D:3)
  43 orcs
  3 ball pythons
  6 bats
  4 endoplasms
  2 giant cockroaches
  3 goblins
  6 hobgoblins
  8 jackals (D:2)
  28 kobolds
  3 quokkas
  3 rats
412 creatures vanquished.

Notes
Turn   | Place    | Note
-------+----------+-------------------------------------------
     0 | D:1      | Gadfly the Spriggan Enchanter began the quest for the Orb.
     0 | D:1      | Reached XP level 1. HP: 9/9 MP: 5/5
   271 | D:1      | Reached XP level 2. HP: 10/13 MP: 6/6
   275 | D:1      | Learned a level 2 spell: Ensorcelled Hibernation
   290 | D:1      | Found a faded altar of an unknown god.
   622 | D:2      | Reached skill level 1 in Evocations
   813 | D:2      | Reached XP level 3. HP: 17/17 MP: 8/8
  1471 | D:2      | Learned a level 3 spell: Confusing Touch
  1485 | D:3      | Noticed Grinder
  1502 | D:3      | Killed Grinder
  1503 | D:3      | Reached skill level 1 in Fighting
  1503 | D:3      | Reached skill level 5 in Stealth
  1503 | D:3      | Reached XP level 4. HP: 20/23 MP: 6/10
  1503 | D:3      | Reached XP level 5. HP: 23/26 MP: 6/11
  1693 | D:3      | Reached XP level 6. HP: 25/30 MP: 12/12
  1761 | D:3      | Noticed Jessica
  1768 | D:3      | Killed Jessica
  1884 | D:3      | Found a runed translucent door.
  1888 | D:3      | Noticed Aneyh's ghost (amateur TeMo)
  2599 | D:3      | Killed Aneyh's ghost
  2729 | D:4      | Found a transporter.
  2731 | D:4      | Noticed TheBioAlchemist's ghost (amateur DgIE)
  2732 | D:4      | Found a transporter.
  2732 | D:4      | Identified the +12 great mace of Xom's Approval {protect,
                  | *Corrode rC+ Stlth+}
  2762 | D:4      | Reached skill level 6 in Stealth
  3058 | D:4      | Reached XP level 7. HP: 35/35 MP: 11/14
  3260 | D:4      | Reached skill level 5 in Hexes
  4185 | D:5      | Entered Level 5 of the Dungeon
  4211 | D:5      | Found a glowing golden altar of the Shining One.
  4692 | D:5      | Reached skill level 5 in Dodging
  4799 | D:5      | Reached skill level 7 in Stealth
  4811 | D:5      | Reached XP level 8. HP: 39/39 MP: 4/16
  5113 | D:5      | Reached skill level 5 in Spellcasting
  5160 | D:5      | Noticed Blork the orc
  5167 | D:5      | Killed Blork the orc
  5305 | D:5      | Found a broken altar of Ashenzari.
  5336 | D:5      | Found a blossoming altar of Fedhas.
  5645 | D:5      | Noticed Edmund
  5654 | D:5      | Killed Edmund
  5655 | D:5      | Reached skill level 5 in Evocations
  5946 | D:6      | Found a staircase to the Ecumenical Temple.
  5952 | Temple   | Entered the Ecumenical Temple
  5971 | Temple   | Became a worshipper of Gozag Ym Sagoz the Greedy
  5997 | D:6      | Reached skill level 8 in Stealth
  6322 | D:6      | Reached skill level 5 in Short Blades
  6322 | D:6      | Reached XP level 9. HP: 44/44 MP: 18/18
  6841 | D:7      | Found a transporter.
  6845 | D:7      | Noticed a toenail golem
  6978 | D:7      | Found a bloodstained altar of Trog.
  7111 | D:7      | Found a white marble altar of Elyvilon.
  7490 | D:7      | Noticed a purple ugly thing
  7498 | D:7      | Killed a purple ugly thing
  7499 | D:7      | Reached skill level 9 in Stealth
  7714 | D:7      | Noticed a brown ugly thing
  7722 | D:7      | Killed a brown ugly thing
  7845 | D:7      | Found a transporter.
  7845 | D:7      | Found a one-way gate to the infinite horrors of the Abyss.
  7845 | D:7      | Noticed LoggersVIII's ghost (novice OpEE)
  7915 | D:7      | Noticed a toenail golem
  8052 | D:7      | Reached XP level 10. HP: 51/51 MP: 18/21
  9090 | D:8      | Identified the blade talisman of the Invisible Hand {Dex+5}
  9272 | D:9      | Found a shimmering blue altar of Sif Muna.
  9417 | D:9      | Identified the +1 quarterstaff "Xaitiec" {freeze, ^Fragile
                  | rPois Int+4 SInv}
  9419 | D:9      | Found Honadem's One-of-a-Kind Rings.
  9457 | D:9      | Reached skill level 10 in Stealth
  9993 | D:9      | Reached skill level 5 in Fighting
 10441 | D:9      | Noticed a two-headed ogre
 10532 | D:9      | Killed a two-headed ogre
 10667 | D:9      | Reached XP level 11. HP: 56/56 MP: 21/24
 11124 | D:10     | Entered Level 10 of the Dungeon
 11159 | D:10     | Reached skill level 11 in Stealth
 11178 | D:10     | Noticed Josephine
 11304 | D:10     | Found a shimmering altar of Xom.
 11470 | D:10     | Found a sparkling altar of Nemelex Xobeh.
 11481 | D:10     | Noticed Erica
 11486 | D:10     | Killed Erica
 11528 | D:10     | Killed Josephine
 11960 | D:10     | Found a staircase to the Lair.
 12142 | D:10     | Found a hazy altar of Hepliaklqana.
 12281 | D:10     | Found a radiant altar of Vehumet.
 12760 | D:11     | Found a runed translucent door.
 12763 | D:11     | Noticed a centaur warrior
 12765 | D:11     | Noticed a fire dragon
 12768 | D:11     | Noticed a death knight
 12768 | D:11     | Noticed an orc warlord
 12768 | D:11     | Noticed a centaur warrior
 12768 | D:11     | Noticed a brown ugly thing
 12775 | D:11     | Noticed a centaur warrior
 12775 | D:11     | Noticed an eight-headed hydra
 12825 | D:11     | Noticed a red ugly thing
 12832 | D:11     | Killed a red ugly thing
 12942 | D:11     | Noticed Urug
 12949 | D:11     | Killed Urug
 13015 | D:11     | Noticed a boulder beetle
 13022 | D:11     | Killed a boulder beetle
 13023 | D:11     | Reached skill level 12 in Stealth
 13341 | D:11     | Noticed a cyan ugly thing
 13347 | D:11     | Killed a cyan ugly thing
 13364 | D:11     | Reached skill level 10 in Dodging
 13688 | D:12     | Reached XP level 12. HP: 62/62 MP: 19/26
 14126 | D:12     | Noticed a boulder beetle
 14306 | D:12     | Killed a boulder beetle
 14307 | D:12     | Reached skill level 10 in Hexes
 14307 | D:12     | Reached skill level 10 in Evocations
 14357 | D:12     | Noticed a fire dragon
 14357 | D:12     | Noticed a centaur warrior
 14381 | D:12     | Killed a centaur warrior
 14525 | D:12     | Found a staircase to the Orcish Mines.
 14648 | D:12     | Noticed a deep elf high priest
 14654 | D:12     | Killed a deep elf high priest
 14655 | D:12     | Reached skill level 13 in Stealth
 14742 | D:12     | Reached skill level 10 in Spellcasting
 15049 | D:12     | Noticed an orc warlord
 15494 | D:11     | Killed an orc warlord
 16167 | Lair:1   | Entered Level 1 of the Lair of Beasts
 16346 | Lair:1   | Reached XP level 13. HP: 67/67 MP: 20/28
 16467 | D:10     | Bought a scroll of fog for 48 gold pieces
 17720 | Lair:2   | Identified the +4 morningstar "Goyrhen" {flame, rN+}
 17738 | Lair:2   | Reached skill level 14 in Stealth
 17751 | Lair:2   | Reached skill level 10 in Short Blades
 19678 | Lair:2   | HP: 2/68 [catoblepas (28)]
 19681 | Lair:2   | Killed from afar by a catoblepas

Illustrated notes

Levels and vault maps discovered:
D:1:      lightli_arrival_statuegarden, layout_basic,
          shapermc_ecumenical_altar_venn
D:2:      layout_loops_ring, serial_rivers, chequers_serial_rivers_micro_a,
          chequers_serial_rivers_large_b, chequers_serial_rivers_micro_e,
          chequers_serial_rivers_small_3, chequers_serial_rivers_small_a
D:3:      layout_loops_ring, hellmonk_ghost_happy_afterlife,
          serial_co_window_serial, co_window_paths_a, co_window_paths_b,
          co_window_paths_a, co_window_paths_a, co_window_of_opportunity_a,
          co_window_corner_cb, co_window_2corner, co_window_unsneaky_path_b,
          co_window_corner_ca, co_window_broadway_a, st_stairs_14, uniq_grinder,
          uniq_jessica
D:4:      layout_layer_cave, gammafunk_ghost_smash
D:5:      layout_basic, tso_altar, jmf_multi_god_temple2, uniq_blork_the_orc,
          uniq_edmund
D:6:      cheibrodos_thug_alley, layout_basic, minmay_temple_entry_grid
D:7:      dreamdust_elfheim, layout_basic, trog_book, lemuel_doored_altar,
          gammafunk_ghost_abyssal_escape, chequers_serial_rivers_micro_e,
          kennysheep_another_room, minmay_shattered_shrine
D:8:      layout_loops_ring
D:9:      layout_roguey [special_room_bee], lemuel_tele_altar, serial_aquarium,
          aquarium_bridge_long_joined [aquarium_subvault_window,
          aquarium_subvault_balcony, aquarium_subvault_bridge,
          aquarium_subvault_bridge, aquarium_subvault_wall,
          aquarium_subvault_bridge], aquarium_bridge_straight
          [aquarium_subvault_bridge, aquarium_subvault_wall,
          aquarium_subvault_bridge, aquarium_subvault_wall], aquarium_window_1,
          aquarium_window_fake, aquarium_view_2b, aquarium_view_2g,
          nicolae_shop_unique_rings, minmay_hedge_maze
D:10:     layout_irregular_city, kennysheep_mini_moat, vehumet_statue,
          lemuel_crystal_altar, nzn_hepliaklqana_mist_gate,
          due_lair_maze_entry_diamond, uniq_erica, uniq_josephine
D:11:     layout_stronghold, st_stairs_6, minmay_st_funbox, uniq_urug
D:12:     minmay_the_grid_plus [minmay_the_grid_tiny_cups,
          minmay_the_grid_minigrid_small_alt, minmay_the_grid_armoury,
          minmay_the_grid_eight, minmay_the_grid_prize_big_room],
          layout_cave_pods, orc_0_dummy
Temple:   nicolae_temple_slightly_damp_pantheon
Lair:1:   layout_loops_ring, serial_bayou_shore_b, grunt_megastairs_3
Lair:2:   layout_regular_city
Lair:3:   layout_hall_layers, minmay_shoals_entry_hut, spider_nest_entry_a,
          st_stairs_3, roderic_carrion_pond, infiniplex_staircase_pool_2,
          grunt_megastairs_5

Skill      XL: |  1  2  3  4  5  6  7  8  9 10 11 12 13 |
---------------+----------------------------------------+-----
Evocations     | 1 2 3 4 5 6 8 9 10 11 | 11.6
Spellcasting   | 3 4 5 6 8 9 10 11 | 11.1
Dodging        | 3 4 5 6 7 8 10 11 12 | 12.0
Hexes          | 4 5 6 7 8 9 10 11 | 11.4
Fighting       | 1 2 3 4 5 6 7 |  7.8
Short Blades   | 2 3 4 5 6 7 8 9 10 | 10.3
Stealth        | 5 6 7 8 9 10 12 13 14 | 14.4

Action                     |  1- 3 |  4- 6 |  7- 9 | 10-12 | 13-15 || total
---------------------------+-------+-------+-------+-------+-------++-------
  Melee: Dagger            |    82 |   101 |   294 |   771 |   155 ||  1403
         Punch             |     1 |       |     3 |    10 |     1 ||    15
   Cast: Ensorcelled Hiber |     5 |    11 |    76 |   244 |   120 ||   456
         Confusing Touch   |     1 |     2 |     9 |    31 |     5 ||    48
 Invoke: Call Merchant     |       |       |       |       |     2 ||     2
    Use: Scroll            |     6 |     1 |     5 |     6 |     2 ||    20
         Potion            |       |       |       |     5 |       ||     5
   Stab: Distracted        |     2 |       |     1 |     3 |     1 ||     7
         Sleeping          |    14 |    15 |    51 |   139 |    69 ||   288
         Confused          |     3 |     1 |    10 |    30 |     5 ||    49
 Armour: Robe              |    19 |    25 |    59 |   217 |    71 ||   391
  Dodge: Dodged            |    64 |    57 |   175 |   679 |   250 ||  1225
